 Dungeon Crawl Stone Soup version 0.21-a0-582-g1b93aee (webtiles) character file.

10305 Amnesiac the Thrower (level 11, -1/71 HPs)
             Began as a Halfling Fighter on Dec 19, 2017.
             Was a High Priest of Okawaru.
             Slain by a polar bear (21 damage)
             ... in an ice cave.
             The game lasted 00:21:31 (11895 turns).

Amnesiac the Thrower (Halfling Fighter)            Turns: 11895, Time: 00:21:32

Health: -1/71      AC: 18    Str: 25    XL:     11   Next: 90%
Magic:  14/14      EV: 12    Int:  6    God:    Okawaru [*****.]
Gold:   550        SH: 11    Dex: 15    Spells: 9/10 levels left

rFire    . . .     SeeInvis .   a - +4 blowgun
rCold    . . .     Gourm    .   c - +0 shield
rNeg     . . .     Faith    .   D - +1 storm dragon scales
rPois    .         Spirit   .   (no helmet)
rElec    +         Reflect  .   (no cloak)
rCorr    .         Harm     .   (no gloves)
MR       .....                  (no boots)
Stlth    ..........             (no amulet)
HPRegen  0.21/turn              o - +5 ring of protection
MPRegen  0.14/turn              x - +5 ring of strength

@: no status effects
A: small, mutation resistance 1
a: Heroism, Finesse, Renounce Religion


You were in an ice cave.
You worshipped Okawaru.
Okawaru was extremely pleased with you.
You were not hungry.

You visited 2 branches of the dungeon, and saw 12 of its levels.
You also visited: Ossuary and Ice Cave.

You collected 787 gold pieces.
You spent 237 gold pieces at shops.

Inventory:

Hand Weapons
 a - a +4 blowgun (weapon)
 b - the +5 spear of Havoc {pierce, MR+}
   (You found it on level 6 of the Dungeon)

   It inflicts extra damage upon your enemies.
   It affects your resistance to hostile enchantments.
 j - a +0 dagger of distortion
Missiles
 p - 209 stones (quivered)
 r - 2 throwing nets
 w - 68 poisoned needles
 C - 8 tomahawks of dispersal
 E - 3 silver tomahawks
 F - 2 curare-tipped needles
 G - 72 sling bullets
 N - 7 needles of confusion
 R - 2 tomahawks
 U - 6 needles of sleeping
Armour
 c - a +0 shield (worn)
 l - +0 steam dragon scales
 D - +1 storm dragon scales (worn)
Jewellery
 o - a +5 ring of protection (left hand)
 t - an uncursed ring of wizardry
 x - a +5 ring of strength (right hand)
 y - an uncursed ring of wizardry
Wands
 H - a wand of polymorph (21)
 K - a wand of digging (13)
 M - a wand of paralysis (30)
 P - a wand of iceblast (20)
 X - a wand of flame (30)
Scrolls
 g - a scroll of amnesia {!r}
 n - a scroll of magic mapping {!r}
 A - 4 scrolls of teleportation {!r}
 I - a scroll of fog {!r}
 J - 5 scrolls of identify {!r}
 Q - a scroll of blinking {!r}
 S - a scroll of remove curse {!r}
 V - 3 scrolls of enchant armour {!r}
 W - a scroll of fear {!r, unknown}
Potions
 d - 2 potions of might {!q}
 e - 3 potions of cancellation {!q}
 h - a potion of lignification {!q}
 i - 6 potions of brilliance {!q, unknown}
 k - 3 potions of haste {!q}
 m - 4 potions of magic {!q}
 q - 2 potions of mutation {!q}
 s - 2 potions of agility {!q}
 u - 3 potions of heal wounds {!q}
 v - 13 potions of curing {!q}
 z - a potion of ambrosia {!q}
 B - a potion of berserk rage {!q, unknown}
 L - 2 potions of invisibility {!q}
 O - 2 potions of resistance {!q}
Comestibles
 f - 21 rations


   Skills:
 + Level 5.1 Fighting
 - Level 7.6 Short Blades
 + Level 11.7 Throwing
 + Level 6.2 Armour
 + Level 6.1 Dodging
 + Level 6.2 Shields
 + Level 5.0 Invocations
 - Level 4.0 Evocations


You had 9 spell levels left.
You knew the following spells:

 Your Spells              Type           Power        Failure   Level  Hunger
z - Confusing Touch       Hex            #.....       100%        1    ##.....


Dungeon Overview and Level Annotations

Branches:
Dungeon (11/15)            Temple (1/1) D:4            Lair (0/6) D:8
    Orc (0/2) D:11

Altars:
Ashenzari
Dithmenos
Elyvilon
Fedhas
Gozag
Kikubaaqudgha
Makhleb
Okawaru
Ru
Sif Muna
Trog
Xom
Yredelemnul
Zin
The Shining One

Shops:
D:5 *?


Innate Abilities, Weirdness & Mutations

You are small and have problems with some larger weapons.
You are somewhat resistant to further mutation.


Message History

You throw a stone. The stone barely misses the polar bear.
The stone hits the yak but does no damage.
The yak is severely wounded.
You block the polar bear's attack. The polar bear closely misses you.
You block the polar bear's attack.
Throwing (i - inventory. (,) - cycle):
p - 216 stones (quivered)
Press: ? - help, Shift-Dir - straight line, f/p - polar bear
Aim: a polar bear (severely wounded, berserk, fast, unusually strong)
You throw a stone. The stone hits the polar bear.
The polar bear is severely wounded.
The polar bear barely misses you. You block the polar bear's attack. x2
Throwing (i - inventory. (,) - cycle):
p - 215 stones (quivered)
Press: ? - help, Shift-Dir - straight line, f/p - polar bear
Aim: a polar bear (severely wounded, berserk, fast, unusually strong)
You throw a stone. The stone hits the polar bear.
The polar bear is almost dead.
The polar bear bites you but does no damage.
The polar bear claws you but does no damage.
You block the polar bear's attack.
Throwing (i - inventory. (,) - cycle):
p - 214 stones (quivered)
Press: ? - help, Shift-Dir - straight line, f/p - polar bear
Aim: a polar bear (almost dead, berserk, fast, unusually strong)
You throw a stone. The stone hits the polar bear.
The polar bear is almost dead.
The polar bear bites you but does no damage.
The polar bear claws you but does no damage.
The polar bear barely misses you.
Throwing (i - inventory. (,) - cycle):
p - 213 stones (quivered)
Press: ? - help, Shift-Dir - straight line, f/p - polar bear
Aim: a polar bear (almost dead, berserk, fast, unusually strong)
You throw a stone.
The stone hits the polar bear but does no damage.
The polar bear is almost dead.
The polar bear bites you but does no damage.
The polar bear claws you but does no damage.
The polar bear claws you.
* * * LOW HITPOINT WARNING * * *
You block the polar bear's attack. x2
The polar bear claws you but does no damage.
Throwing (i - inventory. (,) - cycle):
p - 212 stones (quivered)
Press: ? - help, Shift-Dir - straight line, f/p - polar bear
Aim: a polar bear (almost dead, berserk, fast, unusually strong)
You throw a stone. The stone hits the polar bear.
The polar bear is almost dead.
The polar bear barely misses you. You block the polar bear's attack.
The polar bear barely misses you.
The wolf pauses to sniff the ground.
Throwing (i - inventory. (,) - cycle):
p - 211 stones (quivered)
Press: ? - help, Shift-Dir - straight line, f/p - polar bear
Aim: a polar bear (almost dead, berserk, fast, unusually strong)
You throw a stone.
The stone hits the polar bear but does no damage.
The polar bear is almost dead.
The polar bear closely misses you. You block the polar bear's attack.
The polar bear claws you but does no damage.
Throwing (i - inventory. (,) - cycle):
p - 210 stones (quivered)
Press: ? - help, Shift-Dir - straight line, f/p - polar bear
Aim: a polar bear (almost dead, berserk, fast, unusually strong)
You throw a stone. The stone hits the polar bear.
The polar bear is almost dead.
The polar bear misses you. The polar bear barely misses you.
The polar bear claws you but does no damage.
The polar bear bites you!!
You die...

#..##.#
####..#.#.#
#.###.#
##....##...#
##รท###.#
##...#.###.##
#..##..#
#.....## ##.#
##.###.##
##..#.## ##.#
#..###.#
#..#### #..#
##..#..#
##.#### ##.#
##.#.##
#...#.# #.#
#...#
#@##.#### #.#
#...#
#h####(. ###
##.## #Yh# #h
### ##Y##.#
#hY#(# ##..(#
#..#โ‰ˆ# ##.#
โ‰ˆ# ### โ‰ˆ#


You could see 2 polar bears, 3 yaks and a wolf.

Vanquished Creatures
  Erica (D:8)
  2 two-headed ogres
  Joseph (D:6)
  3 polar bears (IceCv)
  The ghost of brew9 the Vexing, a novice SpEn (D:5)
  7 yaks
  A shadow (D:11)
  A hungry ghost (D:9)
  A steam dragon (D:9)
  Duvessa (D:4)
  9 orc warriors
  2 sky beasts
  A phantom (D:9)
  A black bear (D:9)
  An ice beast (D:8)
  A necrophage (D:8)
  7 ogres
  4 centaurs
  9 wolves (IceCv)
  2 big kobolds
  4 bullfrogs
  A wyvern skeleton (D:10)
  2 water moccasin zombies (Ossuary)
  2 scorpions
  Dowan (D:4)
  The ghost of Lanoc the Insei, a weakling GnTm (D:3)
  8 wights
  3 howler monkeys
  5 crimson imps
  2 bullfrog zombies
  A gnoll shaman (D:8)
  4 hounds
  3 jellies (D:10)
  An orc priest (D:6)
  An iguana (D:9)
  11 orc wizards
  5 worker ants
  4 big kobold zombies (Ossuary)
  A hound skeleton (D:10)
  2 hound zombies
  2 mummies (Ossuary)
  8 adders
  11 gnolls
  7 oozes
  4 adder zombies
  A worm (D:2)
  3 leopard geckos
  40 orcs
  3 ball pythons
  6 bats
  4 giant cockroaches
  A gnoll zombie (Ossuary)
  7 hobgoblins
  5 jackals
  A quokka (D:9)
  6 frilled lizards
  6 goblins
  4 hobgoblin zombies (Ossuary)
  11 kobolds
  3 kobold zombies (Ossuary)
  A leopard gecko skeleton (D:6)
  3 orc zombies (Ossuary)
  9 rats
  2 fungi (D:8)
266 creatures vanquished.

Vanquished Creatures (others)
  A water moccasin zombie (Ossuary)
  An orc priest (D:5)
  A big kobold zombie (Ossuary)
  2 gnolls
  An adder zombie (Ossuary)
  An orc (D:4)
  3 gnoll zombies (Ossuary)
  A hobgoblin (D:2)
  A hobgoblin zombie (Ossuary)
  A kobold zombie (Ossuary)
  2 orc zombies (Ossuary)
  3 fungi (D:8)
  12 plants (D:8)
30 creatures vanquished.

Grand Total: 296 creatures vanquished

Notes
Turn   | Place    | Note
-------+----------+-------------------------------------------
     0 | D:1      | Amnesiac the Halfling Fighter began the quest for the Orb.
     0 | D:1      | Reached XP level 1. HP: 15/15 MP: 1/1
    37 | D:1      | Reached skill level 1 in Dodging
   100 | D:1      | Reached XP level 2. HP: 20/20 MP: 2/2
   564 | D:1      | Reached XP level 3. HP: 24/25 MP: 3/3
  1093 | D:2      | Reached XP level 4. HP: 30/30 MP: 4/4
  1905 | D:3      | Reached XP level 5. HP: 10/35 MP: 5/5
  2262 | D:3      | Reached skill level 5 in Short Blades
  3053 | D:3      | Noticed Lanoc's ghost (weakling GnTm)
  3105 | D:3      | Killed Lanoc's ghost
  3125 | D:4      | Reached XP level 6. HP: 38/41 MP: 6/6
  3126 | D:4      | Found a staircase to the Ecumenical Temple.
  3146 | Temple   | Entered the Ecumenical Temple
  3189 | Temple   | Became a worshipper of Warmaster Okawaru
  3388 | D:4      | Noticed Duvessa
  3388 | D:4      | Noticed Dowan
  3405 | D:4      | Killed Dowan
  3409 | D:4      | Killed Duvessa
  3409 | D:4      | Reached XP level 7. HP: 25/45 MP: 7/7
  3462 | D:4      | Reached skill level 2 in Throwing
  3565 | D:4      | Got a fine war axe
  3763 | D:4      | Found a sand-covered staircase.
  3862 | Ossuary  | Entered an ossuary
  4111 | Ossuary  | Reached skill level 3 in Throwing
  4148 | Ossuary  | Reached * piety under Okawaru
  4178 | Ossuary  | Reached skill level 4 in Throwing
  4187 | Ossuary  | Reached XP level 8. HP: 51/51 MP: 8/8
  4472 | D:5      | Entered Level 5 of the Dungeon
  4522 | D:5      | Got a translucent long sword
  4643 | D:5      | Found Muemm's Magic Scroll Shoppe.
  4704 | D:5      | Bought a scroll of identify for 30 gold pieces
  4704 | D:5      | Bought a scroll of identify for 30 gold pieces
  4706 | D:5      | Bought a scroll of identify for 30 gold pieces
  4706 | D:5      | Bought a scroll of teleportation for 45 gold pieces
  4706 | D:5      | Bought a scroll of random uselessness for 15 gold pieces
  4710 | D:5      | Learned a level 1 spell: Confusing Touch
  4821 | D:5      | Reached skill level 5 in Throwing
  4855 | D:5      | Noticed brew9's ghost (novice SpEn)
  4869 | D:5      | Found Kickoa's Assorted Antiques.
  4876 | D:5      | Killed brew9's ghost
  4876 | D:5      | Reached skill level 6 in Throwing
  4894 | D:5      | Bought a scroll labeled KODASU CAMUAG for 30 gold pieces
  4894 | D:5      | Bought a scroll labeled DURI TOGREIMPEM for 30 gold pieces
  4894 | D:5      | Bought a bubbling ruby potion for 27 gold pieces
  5164 | D:5      | Found a blossoming altar of Fedhas.
  5662 | D:6      | Reached ** piety under Okawaru
  5673 | D:6      | Reached skill level 7 in Throwing
  5786 | D:6      | Got a brightly glowing spear
  6039 | D:6      | Reached XP level 9. HP: 47/55 MP: 9/9
  6287 | D:7      | Noticed Joseph
  6300 | D:6      | Reached skill level 8 in Throwing
  6346 | D:6      | Killed Joseph
  6346 | D:6      | Reached skill level 9 in Throwing
  6538 | D:7      | Noticed a two-headed ogre
  6546 | D:7      | Killed a two-headed ogre
  6546 | D:7      | Reached *** piety under Okawaru
  6546 | D:7      | Reached skill level 10 in Throwing
  6546 | D:7      | Reached XP level 10. HP: 60/61 MP: 10/10
  6613 | D:7      | Reached **** piety under Okawaru
  6727 | D:7      | Reached skill level 1 in Invocations
  6925 | D:8      | Reached skill level 1 in Evocations
  6936 | D:8      | Noticed Erica
  6964 | D:8      | Noticed a two-headed ogre
  7382 | D:8      | Reached skill level 11 in Throwing
  7409 | D:8      | Identified the cursed +1 war axe of Opuqifuc {flame, rElec Str-4 Int+4} (You found it on level 4 of the Dungeon)
  7462 | D:7      | Identified the +2 long sword "Qaysam" {flame, Str+3} (You found it on level 5 of the Dungeon)
  7465 | D:7      | Identified the +5 spear of Havoc {pierce, MR+} (You found it on level 6 of the Dungeon)
  7703 | D:8      | Received a gift from Okawaru
  7754 | D:8      | Killed Erica
  7791 | D:8      | Found a staircase to the Lair.
  7878 | D:8      | HP: 2/63 [two-headed ogre/giant club (18)]
  7880 | D:8      | Killed a two-headed ogre
  7880 | D:8      | Received a gift from Okawaru
  8410 | D:8      | Received a gift from Okawaru
  8515 | D:8      | Reached XP level 11. HP: 68/68 MP: 13/13
  8707 | D:8      | Reached skill level 5 in Shields
  8730 | D:8      | Reached skill level 5 in Armour
  8926 | D:9      | Reached skill level 5 in Dodging
  9580 | D:9      | Reached ***** piety under Okawaru
  9765 | D:10     | Entered Level 10 of the Dungeon
  9996 | D:10     | Received a gift from Okawaru
 11006 | D:11     | Found Enisajake's Armour Shoppe.
 11080 | D:11     | Found a staircase to the Orcish Mines.
 11261 | D:11     | Found a frozen archway.
 11268 | IceCv    | Entered an ice cave
 11478 | IceCv    | Received a gift from Okawaru
 11501 | IceCv    | Reached skill level 5 in Fighting
 11862 | IceCv    | Reached skill level 5 in Invocations
 11895 | IceCv    | Slain by a polar bear

Vault maps used:
D:1:      onia_arrival_handbag
D:3:      first_ration
D:4:      minmay_temple_entry_grid, nicolae_ossuary_entry_false_entrances,
          uniq_duvessa
D:5:      serial_shops, shop, shop, fedhas_altar_fruit_tree
D:7:      uniq_joseph
D:8:      kennysheep_seaside_town, lair_entry_dummy, uniq_erica
D:10:     hangedman_little_slice_of_home, bh_walls_and_bars
D:11:     orc_david_3, portal_ice_cave_entry_pillars_1
Temple:   regret_index_temple_sigil_plot
Ossuary:  ossuary_tomb_2
IceCv:    ice_cave_caverns_01

Skill      XL: |  1  2  3  4  5  6  7  8  9 10 11 |
---------------+----------------------------------+-----
Dodging        | 1 2 3 4 6 |  6.1
Short Blades   | 3 4 5 7 |  7.6
Throwing       | 4 7 10 11 | 11.7
Invocations    | 3 5 |  5.0
Evocations     | 3 4 |  4.0
Fighting       | 3 5 |  5.1
Armour         | 4 6 |  6.2
Shields        | 4 6 |  6.2

Action                   |  1- 3 |  4- 6 |  7- 9 | 10-12 || total
-------------------------+-------+-------+-------+-------++-------
Melee: Rapier            |    25 |       |       |       ||    25
       Dagger            |   101 |   143 |   141 |    19 ||   404
       Spear             |       |       |       |    32 ||    32
 Fire: Blowgun           |       |       |       |    67 ||    67
Throw: Stone             |    47 |   103 |   156 |   667 ||   973
       Tomahawk          |       |       |   121 |   165 ||   286
       Throwing net      |       |       |       |     4 ||     4
  Use: Scroll            |     6 |       |    12 |     6 ||    24
 Stab: Held in net/web   |       |       |       |     1 ||     1
  Eat: Chunk             |     1 |     7 |     6 |    15 ||    29
       Ration            |       |       |     1 |     2 ||     3
Armor: Scale mail        |    36 |    43 |       |       ||    79
       Storm dragon scal |       |       |    54 |   228 ||   282
Dodge: Dodged            |    61 |    35 |    49 |   213 ||   358
Block: Shield            |    83 |    59 |    77 |   261 ||   480

Table legend:
 A = Spawn XP
 B = Non-spawn XP
 C = Spawn XP percentage of total XP
 D = Spawn monster count
 E = Non-spawn monster count
 F = Spawn count percentage of total count
 G = Total turns spent on level
                    A         B        C        D         E        F      G
               +---------+---------+-------+---------+---------+-------+---------
         Total |       0 |   14722 |   0.0 |       0 |     278 |   0.0 | 11895
               +---------+---------+-------+---------+---------+-------+---------
           D:1 |       0 |      62 |   0.0 |       0 |      32 |   0.0 |   994
           D:2 |       0 |      29 |   0.0 |       0 |      13 |   0.0 |   826
           D:3 |       0 |     176 |   0.0 |       0 |      21 |   0.0 |  1296
           D:4 |       0 |     395 |   0.0 |       0 |       8 |   0.0 |   859
           D:5 |       0 |     491 |   0.0 |       0 |      18 |   0.0 |  1107
           D:6 |       0 |    1139 |   0.0 |       0 |      20 |   0.0 |   766
           D:7 |       0 |    1574 |   0.0 |       0 |      18 |   0.0 |   953
           D:8 |       0 |    3998 |   0.0 |       0 |      34 |   0.0 |  1539
           D:9 |       0 |    1516 |   0.0 |       0 |      25 |   0.0 |   928
          D:10 |       0 |     731 |   0.0 |       0 |      17 |   0.0 |   919
          D:11 |       0 |    1639 |   0.0 |       0 |      25 |   0.0 |   584
        Temple |       0 |      45 |   0.0 |       0 |       2 |   0.0 |    74
       Ossuary |       0 |     370 |   0.0 |       0 |      30 |   0.0 |   423
         IceCv |       0 |    2557 |   0.0 |       0 |      15 |   0.0 |   627
               +---------+---------+-------+---------+---------+-------+---------
